 Dungeon Crawl Stone Soup version 0.24-a0-189-g5d897e9 (webtiles) character file.

Game seed: 16853243056279638148

60 TheGoonsmith the Shield-Bearer (level 4, -5/35 HPs)
             Began as a Formicid Fighter on Mar 16, 2019.
             Killed by divine providence
             ... invoked by an orc priest
              (9 damage)
             ... on level 3 of the Dungeon.
             The game lasted 00:02:28 (1703 turns).

TheGoonsmith the Shield-Bearer (Formicid Fighter)   Turns: 1703, Time: 00:02:30

Health: -5/35      AC:  8    Str: 27    XL:     4   Next: 25%
Magic:  4/4        EV:  8    Int:  7    God:
Gold:   95         SH: 10    Dex: 10    Spells: 3/3 levels left

rFire    . . .     SeeInvis +   a - +0 war axe
rCold    . . .     Gourm    .   c - +0 shield
rNeg     . . .     Faith    .   b - +0 scale mail
rPois    .         Spirit   .   (helmet unavailable)
rElec    .         Reflect  .   (no cloak)
rCorr    .         Harm     .   (no gloves)
MR       .....                  r - +0 pair of boots
Stlth    ..........             (no amulet)
HPRegen  0.11/turn              (no ring)
MPRegen  0.09/turn              (no ring)

@: mighty
A: permanent stasis, dig shafts and tunnels, four strong arms, antennae 3
a: Dig, Shaft Self


You were on level 3 of the Dungeon.
You were hungry.

You visited 1 branch of the dungeon, and saw 3 of its levels.

You collected 95 gold pieces.

Inventory:

Hand Weapons
 a - a +0 war axe (weapon)
Missiles
 q - 46 bolts
Armour
 b - a +0 scale mail (worn)
 c - a +0 shield (worn)
 r - a +0 pair of boots (worn)
Scrolls
 g - a scroll of noise {unknown}
 h - a scroll of random uselessness {unknown}
 m - a scroll of immolation
 n - a scroll of magic mapping {unknown}
 s - a scroll of blinking {unknown}
 t - a scroll of fear {unknown}
 u - a scroll of remove curse {unknown}
Potions
 d - a potion of might
 e - a potion of degeneration
 i - a potion of flight
 j - a potion of magic
 l - a potion of cancellation {unknown}
 o - a potion of berserk rage {unknown}
 p - a potion of curing {unknown}
Comestibles
 f - 4 rations


   Skills:
 - Level 3.2 Fighting
 * Level 3.6 Axes
 - Level 3.2 Armour
 + Level 4.4 Shields


You had 3 spell levels left.
You didn't know any spells.
Your spell library was empty.

Dungeon Overview and Level Annotations

Branches:
Dungeon (3/15)

Altars:
Ashenzari


Innate Abilities, Weirdness & Mutations

You cannot be hasted, slowed, berserked, paralysed or teleported.
You can dig through walls and to a lower floor.
Your four strong arms can wield two-handed weapons with a shield.
You have a pair of large antennae on your head. (SInv)


Message History

You block the orc's attack.
The orc priest hits you but does no damage.
You completely miss the orc priest.
The orc priest is moderately wounded.
You completely miss the orc. You block the orc's attack.
You block the orc priest's attack.
Unknown command.
Okay, then.
You hit the orc priest.
The orc priest is severely wounded.
Your shield and scale mail prevent you from hitting the orc.
The orc hits you but does no damage. You block the orc priest's attack.
You block the orc's attack.
You hit the orc priest.
The orc priest is severely wounded.
You slash the orc!
You kill the orc!
The orc priest mumbles some strange prayers to Beogh against you.
Beogh smites you!
You die...

#.########
#....K[@o#
########.#
#.# #)#
#.# #.#
#.# #.#
#.#


You could see an orc priest and a kobold.

Vanquished Creatures
  An adder (D:2)
  3 worms (D:2)
  3 orcs (D:3)
  5 bats
  A giant cockroach (D:2)
  7 goblins
  7 hobgoblins
  2 frilled lizards
  5 kobolds
  4 rats
38 creatures vanquished.

Notes
Turn   | Place    | Note
-------+----------+-------------------------------------------
     0 | D:1      | TheGoonsmith the Formicid Fighter began the quest for the
                  | Orb.
     0 | D:1      | Reached XP level 1. HP: 18/18 MP: 1/1
   241 | D:1      | Reached XP level 2. HP: 24/24 MP: 2/2
   658 | D:2      | Reached skill level 4 in Shields
   711 | D:2      | Reached XP level 3. HP: 24/29 MP: 3/3
  1188 | D:2      | Found a shattered altar of Ashenzari.
  1367 | D:2      | Reached XP level 4. HP: 35/35 MP: 4/4
  1703 | D:3      | Killed from afar by an orc priest

Levels and vault maps discovered:
D:1:      giann_wishing_wells, layout_basic, hangedman_decor_clover_reticule,
          serial_bayou_pond_e, chequers_arboretum, glass_columns_b,
          serial_bayou_lagoon_a
D:2:      layout_loops_corners, serial_glass, glass_columns_c, glass_columns_a,
          glass_columns_c, glass_columns_a, glass_columns_b, glass_columns_a,
          glass_columns_b, glass_columns_a, glass_columns_a, glass_columns_c,
          glass_columns_c, glass_columns_a, glass_columns_a, glass_columns_a,
          ashenzari_altar_1
D:3:      layout_basic, zin_angel, minmay_crystal_room

Skill      XL: |  1  2  3 |
---------------+----------+-----
Shields        | 4 |  4.4
Axes           | 3 |  3.6
Fighting       | |  3.2
Armour         | |  3.2

Action                   |  1- 3 |  4- 6 || total
-------------------------+-------+-------++-------
Melee: War axe           |    97 |    29 ||   126
  Use: Scroll            |       |     4 ||     4
       Potion            |       |     1 ||     1
  Eat: Chunk             |     2 |       ||     2
Armor: Scale mail        |    34 |    14 ||    48
Dodge: Dodged            |    41 |     6 ||    47
Block: Shield            |    43 |    19 ||    62

Table legend:
 A = Non-vault XP
 B = Vault XP
 C = Vault XP percentage of total XP
 D = Non-vault monster count
 E = Vault monster count
 F = Vault count percentage of total count
                 A         B        C        D         E       F
            +---------+---------+-------+---------+---------+-------
      Total |      87 |       0 |   0.0 |      38 |       0 |   0.0
            +---------+---------+-------+---------+---------+-------
        D:1 |      20 |       0 |   0.0 |      12 |       0 |   0.0
        D:2 |      58 |       0 |   0.0 |      23 |       0 |   0.0
        D:3 |       9 |       0 |   0.0 |       3 |       0 |   0.0
            +---------+---------+-------+---------+---------+-------
